TOP OF THE 1ST |
Burlington Bees batting - Pitching for Cedar Rapids Kernels : LHP Bobby Molina
|
Pitching: LHP Bobby Molina
|
|
Batting: RHB Jonathan Ellis
|
0-0: Called Strike 0-1: Fly out, F3 (Line Drive, 3, EV 69.4 MPH)
|
Batting: RHB Ryan Munro
|
0-0: Called Strike 0-1: Ball 1-1: Ball 2-1: Ground out 5-3 (Groundball, 56, EV 80.6 MPH)
|
Batting: LHB Rusty Ney
|
0-0: Ball 1-0: Called Strike 1-1: Foul Ball, location: 2F 1-2: Foul Ball, location: 2F 1-2: Strikes out looking
|
Top of the 1st over - 0 runs, 0 hits, 0 errors, 0 left on base; Burlington 0 - Cedar Rapids 0 |
BOTTOM OF THE 1ST |
Cedar Rapids Kernels batting - Pitching for Burlington Bees : RHP Humberto Paniagua
|
Pitching: RHP Humberto Paniagua
|
|
Batting: LHB Jim Pankratz
|
0-0: Foul Ball, location: 2F 0-1: Foul Ball, location: 2F 0-2: Hit by Pitch
|
Batting: RHB Matt Dunn
|
0-0: Ball 1-0: Called Strike 1-1: Swinging Strike 1-2: Fielders Choice at 2nd, 5-4 (Groundball, 5L, EV 93.8 MPH)
|
Batting: LHB Israel Montoya
|
0-0: Ball 1-0: Ball 2-0: Ball 3-0: Called Strike 3-1: Foul Ball, location: 2F 3-2: SINGLE (Groundball, 34D, EV 108.1 MPH) Matt Dunn to second Runner from 2nd tries for 3rd, SAFE, throw by RF made to third
|
Batting: RHB Mike Craver
|
0-0: Ball 1-0: Called Strike 1-1: Ball 2-1: Foul Ball, location: 2F 2-2: Fielders Choice at 2nd, 5-4 (Groundball, 5, EV 83.8 MPH) Matt Dunn scores
|
Batting: LHB Mike Handrahan
|
0-0: Ball Mike Craver steals 2nd base 1-0: Ball 2-0: Called Strike 2-1: Ball 3-1: Swinging Strike 3-2: Foul Ball, location: 2F 3-2: Foul Ball, location: 2F 3-2: Ground out 6-3 (Groundball, 6, EV 90.6 MPH)
|
Bottom of the 1st over - 1 run, 1 hit, 0 errors, 1 left on base; Burlington 0 - Cedar Rapids 1 |
TOP OF THE 2ND |
Burlington Bees batting - Pitching for Cedar Rapids Kernels : LHP Bobby Molina
|
Batting: RHB Luis Romero
|
0-0: Called Strike 0-1: Foul Ball, location: 2F 0-2: Ball 1-2: Ball 2-2: Foul Ball, location: 2F 2-2: Ball 3-2: Strikes out swinging
|
Batting: LHB Bill Kirtley
|
0-0: Ball 1-0: Foul Ball, location: 2F 1-1: Called Strike 1-2: Strikes out looking
|
Batting: RHB Ryuji Ito
|
0-0: Foul Ball, location: 2F 0-1: Ball 1-1: Ball 2-1: SINGLE (Groundball, 3D, EV 100.6 MPH)
|
Batting: LHB Jorge Zermeno
|
0-0: Ball 1-0: Called Strike 1-1: Swinging Strike 1-2: Strikes out swinging
|
Top of the 2nd over - 0 runs, 1 hit, 0 errors, 1 left on base; Burlington 0 - Cedar Rapids 1 |
BOTTOM OF THE 2ND |
Cedar Rapids Kernels batting - Pitching for Burlington Bees : RHP Humberto Paniagua
|
Batting: SHB Roberto Camarena
|
0-0: Ball 1-0: Ball 2-0: Bunt missed! 2-1: Swinging Strike 2-2: Foul Ball, location: 2F 2-2: Fly out, F8 (Flyball, 8LD, EV 98.1 MPH)
|
Batting: RHB Jake Wirthlin
|
0-0: Ball 1-0: Fly out, F6 (Flyball, 6MD, EV 86.9 MPH)
|
Batting: RHB Orlando Blanco
|
0-0: Ball 1-0: SOLO HOME RUN (Flyball, 7D, EV 96.9 MPH), Distance : 367 ft
|
Batting: SHB Duri Chilemba
|
0-0: Ball 1-0: Called Strike 1-1: Ball 2-1: DOUBLE (Line Drive, 7LS, EV 101.9 MPH)
|
Batting: LHB Jim Pankratz
|
0-0: Ball 1-0: Foul Ball, location: 2F 1-1: Ball 2-1: Ball 3-1: Base on Balls
|
Batting: RHB Matt Dunn
|
0-0: Foul Ball, location: 2F 0-1: Ball 1-1: Foul Ball, location: 2F 1-2: Foul Ball, location: 2F 1-2: Ball 2-2: Ball 3-2: Base on Balls Duri Chilemba to third Jim Pankratz to second
|
Batting: LHB Israel Montoya
|
0-0: Ball 1-0: Ball 2-0: Ball 3-0: Called Strike 3-1: Base on Balls Duri Chilemba scores Jim Pankratz to third Matt Dunn to second
|
Batting: RHB Mike Craver
|
0-0: Ball 1-0: Ball 2-0: Ball 3-0: Called Strike 3-1: Base on Balls Jim Pankratz scores Matt Dunn to third Israel Montoya to second
|
Batting: LHB Mike Handrahan
|
0-0: Called Strike 0-1: Called Strike 0-2: Ground out U3 (Groundball, 3, EV 100.0 MPH)
|
Bottom of the 2nd over - 3 runs, 2 hits, 0 errors, 3 left on base; Burlington 0 - Cedar Rapids 4 |
TOP OF THE 3RD |
Burlington Bees batting - Pitching for Cedar Rapids Kernels : LHP Bobby Molina
|
Batting: RHB Ben Herman
|
0-0: Ball 1-0: Ball 2-0: Foul Ball, location: 2F 2-1: Ball 3-1: Foul Ball, location: 2F 3-2: Foul Ball, location: 2F 3-2: Strikes out swinging
|
Batting: SHB Tim Connell
|
0-0: Called Strike 0-1: Ball 1-1: Swinging Strike 1-2: Ball 2-2: Ball 3-2: Base on Balls
|
Batting: RHB Jonathan Ellis
|
0-0: Called Strike 0-1: Ball 1-1: Ball 2-1: Foul Ball, location: 2F 2-2: Ground out 4-3 (Groundball, 34D, EV 89.4 MPH) Tim Connell to second
|
Batting: RHB Ryan Munro
|
0-0: Ball 1-0: Called Strike 1-1: Ball 2-1: Called Strike 2-2: Ground out 5-3 (Groundball, 56, EV 97.5 MPH)
|
Top of the 3rd over - 0 runs, 0 hits, 0 errors, 1 left on base; Burlington 0 - Cedar Rapids 4 |
BOTTOM OF THE 3RD |
Cedar Rapids Kernels batting - Pitching for Burlington Bees : RHP Humberto Paniagua
|
Batting: SHB Roberto Camarena
|
0-0: Swinging Strike 0-1: Swinging Strike 0-2: Ball 1-2: Ball 2-2: SINGLE (Groundball, 6MD, EV 103.1 MPH)
|
Batting: RHB Jake Wirthlin
|
0-0: Called Strike Roberto Camarena steals 2nd base 0-1: Ball 1-1: Ball 2-1: Ball 3-1: Base on Balls
|
Batting: RHB Orlando Blanco
|
0-0: Ball 1-0: Called Strike 1-1: Grounds into double play, 4-6-3 (Groundball, 4, EV 92.5 MPH) Roberto Camarena to third
|
Batting: SHB Duri Chilemba
|
0-0: Ball 1-0: Foul Ball, location: 2F 1-1: Fly out, F7 (Flyball, 7LM, EV 93.1 MPH)
|
Bottom of the 3rd over - 0 runs, 1 hit, 0 errors, 1 left on base; Burlington 0 - Cedar Rapids 4 |
TOP OF THE 4TH |
Burlington Bees batting - Pitching for Cedar Rapids Kernels : LHP Bobby Molina
|
Batting: LHB Rusty Ney
|
0-0: Ball 1-0: Ball 2-0: Foul Ball, location: 2F 2-1: Called Strike 2-2: DOUBLE (Line Drive, 89M, EV 97.5 MPH)
|
Batting: RHB Luis Romero
|
0-0: Called Strike 0-1: Ball 1-1: DOUBLE (Flyball, 89XD, EV 110.0 MPH) Rusty Ney scores
|
Batting: LHB Bill Kirtley
|
0-0: Ball 1-0: Called Strike 1-1: Fly out, F7 (Flyball, 7D, EV 101.2 MPH)
|
Batting: RHB Ryuji Ito
|
0-0: Ball 1-0: Ball 2-0: Ball 3-0: Base on Balls
|
Batting: LHB Jorge Zermeno
|
0-0: Foul Ball, location: 2F 0-1: Called Strike 0-2: Foul Ball, location: 2F 0-2: Ball 1-2: Fly out, F9 (Flyball, 89M, EV 83.8 MPH)
|
Batting: RHB Ben Herman
|
0-0: Called Strike 0-1: Ball 1-1: Ball 2-1: Foul Ball, location: 2F 2-2: Ball 3-2: SINGLE (Groundball, 6MD, EV 96.9 MPH) Luis Romero to third Ryuji Ito to second Luis Romero scores Ryuji Ito to third
|
Batting: SHB Tim Connell
|
0-0: Called Strike 0-1: Swinging Strike 0-2: Strikes out looking
|
Top of the 4th over - 2 runs, 3 hits, 0 errors, 2 left on base; Burlington 2 - Cedar Rapids 4 |
BOTTOM OF THE 4TH |
Cedar Rapids Kernels batting - Pitching for Burlington Bees : RHP Humberto Paniagua
|
Pitching: LHP Cody Bodenhamer
|
|
Batting: LHB Jim Pankratz
|
0-0: Ball 1-0: Ball 2-0: Swinging Strike 2-1: Swinging Strike 2-2: Foul Ball, location: 2F 2-2: Strikes out swinging
|
Batting: RHB Matt Dunn
|
0-0: Ball 1-0: Called Strike 1-1: Ball 2-1: Called Strike 2-2: Strikes out swinging
|
Batting: LHB Israel Montoya
|
0-0: Ball 1-0: Ball 2-0: Foul Ball, location: 2F 2-1: Foul Ball, location: 2F 2-2: Strikes out swinging
|
Bottom of the 4th over - 0 runs, 0 hits, 0 errors, 0 left on base; Burlington 2 - Cedar Rapids 4 |
TOP OF THE 5TH |
Burlington Bees batting - Pitching for Cedar Rapids Kernels : LHP Bobby Molina
|
Pitching: RHP Toshiyuki Kawashima
|
|
Batting: RHB Jonathan Ellis
|
0-0: Ball 1-0: Foul Ball, location: 2F 1-1: Ball 2-1: Ball 3-1: Base on Balls
|
Batting: RHB Ryan Munro
|
0-0: Called Strike 0-1: Ball 1-1: Foul Ball, location: 2F 1-2: Ball 2-2: Foul Ball, location: 2F 2-2: Ball 3-2: Strikes out swinging Jonathan Ellis is caught stealing 2nd base 2-4 Batter strikes out.
|
Batting: LHB Rusty Ney
|
0-0: Called Strike 0-1: Ball 1-1: Swinging Strike 1-2: Strikes out swinging
|
Top of the 5th over - 0 runs, 0 hits, 0 errors, 0 left on base; Burlington 2 - Cedar Rapids 4 |
BOTTOM OF THE 5TH |
Cedar Rapids Kernels batting - Pitching for Burlington Bees : LHP Cody Bodenhamer
|
Batting: RHB Mike Craver
|
0-0: Fly out, F9 (Flyball, 9LM, EV 101.2 MPH)
|
Batting: LHB Mike Handrahan
|
0-0: Called Strike 0-1: Ball 1-1: Ball 2-1: Ground out 4-3 (Groundball, 4, EV 103.1 MPH)
|
Batting: SHB Roberto Camarena
|
0-0: Foul Ball, location: 2F 0-1: Swinging Strike 0-2: Ball 1-2: Foul Ball, location: 2F 1-2: Reached on error, E6 (Line Drive, 6, EV 68.1 MPH)
|
Batting: RHB Jake Wirthlin
|
0-0: Ball Roberto Camarena is caught stealing 2nd base 2-4
|
Bottom of the 5th over - 0 runs, 0 hits, 1 error, 0 left on base; Burlington 2 - Cedar Rapids 4 |
TOP OF THE 6TH |
Burlington Bees batting - Pitching for Cedar Rapids Kernels : RHP Toshiyuki Kawashima
|
Batting: RHB Luis Romero
|
0-0: Ball 1-0: Ball 2-0: Ball 3-0: Base on Balls
|
Batting: LHB Bill Kirtley
|
0-0: Fly out, F7 (Flyball, 7S, EV 82.5 MPH)
|
Batting: RHB Ryuji Ito
|
0-0: Ball Luis Romero is caught stealing 2nd base 2-4 1-0: Ball 2-0: Ball 3-0: Called Strike 3-1: Base on Balls
|
Batting: LHB Jorge Zermeno
|
0-0: Ball 1-0: Ball 2-0: Called Strike 2-1: Ball 3-1: Base on Balls Ryuji Ito to second
|
Batting: RHB Ben Herman
|
0-0: Ball 1-0: Called Strike 1-1: Ground out U3 (Groundball, 3, EV 85.6 MPH)
|
Top of the 6th over - 0 runs, 0 hits, 0 errors, 2 left on base; Burlington 2 - Cedar Rapids 4 |
BOTTOM OF THE 6TH |
Cedar Rapids Kernels batting - Pitching for Burlington Bees : LHP Cody Bodenhamer
|
Batting: RHB Jake Wirthlin
|
0-0: Called Strike 0-1: Ball 1-1: Ball 2-1: Fly out, F9 (Flyball, 9S, EV 87.5 MPH)
|
Batting: RHB Orlando Blanco
|
0-0: Ball 1-0: Ball 2-0: Ground out 6-3 (Groundball, 6, EV 80.0 MPH)
|
Batting: SHB Duri Chilemba
|
0-0: Reached on error, E5 (Groundball, 56, EV 86.2 MPH)
|
Batting: LHB Jim Pankratz
|
0-0: Ball 1-0: Foul Ball, location: 2F 1-1: Called Strike 1-2: Ball 2-2: Strikes out swinging
|
Bottom of the 6th over - 0 runs, 0 hits, 1 error, 1 left on base; Burlington 2 - Cedar Rapids 4 |
TOP OF THE 7TH |
Burlington Bees batting - Pitching for Cedar Rapids Kernels : RHP Toshiyuki Kawashima
|
Pitching: RHP Andy Symons
|
|
Batting: SHB Tim Connell
|
0-0: Ball 1-0: Called Strike 1-1: Ball 2-1: Foul Ball, location: 2F 2-2: Ball 3-2: Fly out, F8 (Flyball, 8RXD, EV 104.4 MPH)
|
Batting: RHB Jonathan Ellis
|
0-0: Called Strike 0-1: Fly out, F9 (Flyball, 9, EV 78.8 MPH)
|
Batting: RHB Ryan Munro
|
0-0: Fly out, F9 (Flyball, 89M, EV 78.1 MPH)
|
Top of the 7th over - 0 runs, 0 hits, 0 errors, 0 left on base; Burlington 2 - Cedar Rapids 4 |
BOTTOM OF THE 7TH |
Cedar Rapids Kernels batting - Pitching for Burlington Bees : LHP Cody Bodenhamer
|
Pitching: LHP Jose Rivera
|
|
Batting: RHB Matt Dunn
|
0-0: Called Strike 0-1: Ball 1-1: Foul Ball, location: 2F 1-2: Ball 2-2: Foul Ball, location: 2F 2-2: Fly out, F7 (Flyball, 7LS, EV 80.0 MPH)
|
Batting: LHB Israel Montoya
|
0-0: Ball 1-0: Ground out 6-3 (Groundball, 6MS, EV 90.6 MPH)
|
Batting: RHB Mike Craver
|
0-0: Ball 1-0: Ground out U3 (Groundball, 34, EV 80.0 MPH)
|
Bottom of the 7th over - 0 runs, 0 hits, 0 errors, 0 left on base; Burlington 2 - Cedar Rapids 4 |
TOP OF THE 8TH |
Burlington Bees batting - Pitching for Cedar Rapids Kernels : RHP Andy Symons
|
Pitching: LHP Stefano Traversoni
|
|
Now at 1B: Brian Gustus
|
|
Batting: LHB Rusty Ney
|
0-0: Called Strike 0-1: Swinging Strike 0-2: Ground out 4-3 (Groundball, 34D, EV 91.9 MPH)
|
DELAY
|
Rain delay of 23 minutes in the 8th inning.
|
Pitching: LHP Mark Challinor
|
|
Batting: RHB Luis Romero
|
0-0: DOUBLE (Line Drive, 78D, EV 105.0 MPH)
|
Pinch Hitting: RHB Adam Noyes
|
0-0: Ball 1-0: Foul Ball, location: 2F 1-1: Ball 2-1: Ball 3-1: Base on Balls
|
Batting: RHB Ryuji Ito
|
0-0: Ball 1-0: Ball 2-0: Ball 3-0: Called Strike 3-1: Base on Balls Luis Romero to third Adam Noyes to second
|
Batting: LHB Jorge Zermeno
|
0-0: Ball 1-0: Called Strike 1-1: Called Strike 1-2: Strikes out swinging
|
Batting: RHB Ben Herman
|
0-0: Called Strike 0-1: Ball 1-1: Ball 2-1: Ball 3-1: Base on Balls Luis Romero scores Adam Noyes to third Ryuji Ito to second
|
Batting: SHB Tim Connell
|
0-0: Foul Ball, location: 2F 0-1: Ball 1-1: Foul Ball, location: 2F 1-2: Strikes out swinging
|
Top of the 8th over - 1 run, 1 hit, 0 errors, 3 left on base; Burlington 3 - Cedar Rapids 4 |
BOTTOM OF THE 8TH |
Cedar Rapids Kernels batting - Pitching for Burlington Bees : LHP Jose Rivera
|
Now in LF: Greg Burdine
|
|
Batting: RHB Jon Avila
|
0-0: Called Strike 0-1: Ground out 6-3 (Groundball, 56, EV 111.9 MPH)
|
Batting: SHB Roberto Camarena
|
0-0: Ball 1-0: Called Strike 1-1: DOUBLE (Flyball, 89D, EV 88.8 MPH)
|
Batting: RHB Jake Wirthlin
|
0-0: Ball 1-0: SINGLE (Line Drive, 8LS, EV 106.2 MPH) Roberto Camarena to third
|
Batting: RHB Orlando Blanco
|
0-0: Ball 1-0: Ball 2-0: Ball 3-0: Called Strike 3-1: Swinging Strike 3-2: Strikes out swinging
|
Batting: SHB Duri Chilemba
|
0-0: Called Strike 0-1: Ball 1-1: Ground out 2-3 (Groundball, 15S, EV 68.1 MPH)
|
Bottom of the 8th over - 0 runs, 2 hits, 0 errors, 2 left on base; Burlington 3 - Cedar Rapids 4 |
TOP OF THE 9TH |
Burlington Bees batting - Pitching for Cedar Rapids Kernels : LHP Mark Challinor
|
Pitching: RHP Steven Legge
|
|
Batting: RHB Jonathan Ellis
|
0-0: Foul Ball, location: 2F 0-1: Ground out 4-3 (Groundball, 34, EV 86.9 MPH)
|
Batting: RHB Ryan Munro
|
0-0: SINGLE (Line Drive, 9LS, EV 102.5 MPH)
|
Batting: LHB Rusty Ney
|
0-0: Swinging Strike 0-1: Ball 1-1: Swinging Strike 1-2: Ball 2-2: Foul Ball, location: 2F 2-2: Strikes out swinging
|
Batting: RHB Luis Romero
|
0-0: Ball 1-0: Swinging Strike 1-1: Foul Ball, location: 2F 1-2: Ball 2-2: Ground out U3 (Groundball, 3, EV 83.1 MPH)
|
Top of the 9th over - 0 runs, 1 hit, 0 errors, 1 left on base; Burlington 3 - Cedar Rapids 4 |
|